 Dungeon Crawl Stone Soup version 0.26-a0-249-g7253cd1 (webtiles) character file.

Game seed: 12773885690660236200

2449 vorskei the Magician (level 9, -3/69 HPs)
             Began as a Gnoll Skald on July 8, 2020.
             Was a Follower of Cheibriados.
             Slain by a hornet (11 damage)
             ... on level 8 of the Dungeon.
             The game lasted 00:40:48 (9417 turns).

vorskei the Magician (Gnoll Skald)                  Turns: 9417, Time: 00:40:48

Health: -3/69      AC: 14    Str: 17    XL:     9   Next: 49%
Magic:  4/18       EV: 16    Int: 21    God:    Cheibriados [*.....]
Gold:   373        SH:  0    Dex: 18    Spells: 12/21 levels left

rFire    x . .     SeeInvis .   y - +4 dagger
rCold    + . .     Faith    .   (no shield)
rNeg     . . .     Spirit   .   b - +0 leather armour
rPois    .         Reflect  .   v - +0 helmet
rElec    .         Harm     .   (no cloak)
rCorr    +                      F - +0 pair of gloves
MR       .....                  (no boots)
Stlth    +++.......             (no amulet)
HPRegen  0.21/turn              u - ring of ice
MPRegen  0.16/turn              E - ring of resist corrosion

@: lethally poisoned (-3 -> -16), icy armour, infused, slowed, very slow
A: distributed training, fangs 1, strong nose
a: Bend Time, Renounce Religion


You were on level 8 of the Dungeon.
You worshipped Cheibriados.
Cheibriados was aware of your devotion.
You were not hungry.

You visited 2 branches of the dungeon, and saw 9 of its levels.

You collected 373 gold pieces.

Inventory:

Hand Weapons
 a - a +0 hand axe
 y - a +4 dagger (weapon)
 z - a +0 shortbow
 D - a +1 flail of draining
Missiles
 e - 188 stones (quivered)
 i - 247 arrows
 p - 17 bolts
Armour
 b - a +0 leather armour (worn)
 l - a +0 chain mail
 q - a +0 ring mail
 v - a +0 helmet (worn)
 A - a +0 scale mail
 F - a +0 pair of gloves (worn)
Magical Staves
 s - an uncursed staff of poison
Jewellery
 u - a ring of ice (left hand)
 E - a ring of resist corrosion (right hand)
 G - an uncursed amulet of inaccuracy
Wands
 C - a wand of iceblast (4)
Scrolls
 f - a scroll of immolation {unknown}
 k - 4 scrolls of remove curse
 m - 2 scrolls of amnesia
 o - 2 scrolls of identify
 r - 2 scrolls of fear
 t - 4 scrolls of teleportation
 w - a scroll of enchant weapon {unknown}
 B - a scroll of random uselessness {unknown}
Potions
 c - a potion of lignification {unknown}
 g - a potion of brilliance {unknown}
 h - 4 potions of heal wounds
 j - a potion of degeneration {unknown}
 n - a potion of curing
 x - a potion of might {unknown}
Comestibles
 d - 2 rations


   Skills:
 + Level 6.3 Fighting
 + Level 4.2 Short Blades
 + Level 4.2 Long Blades
 + Level 6.3 Axes
 + Level 4.2 Maces & Flails
 + Level 4.2 Polearms
 + Level 4.2 Staves
 + Level 4.2 Slings
 + Level 4.2 Bows
 + Level 4.2 Crossbows
 + Level 4.2 Throwing
 + Level 5.0 Armour
 + Level 6.3 Dodging
 + Level 4.2 Stealth
 + Level 4.2 Shields
 + Level 4.2 Unarmed Combat
 + Level 6.6 Spellcasting
 + Level 3.4 Conjurations
 + Level 3.4 Hexes
 + Level 6.5 Charms
 + Level 3.4 Summonings
 + Level 3.4 Necromancy
 + Level 3.4 Translocations
 + Level 3.4 Transmutations
 + Level 3.4 Fire Magic
 + Level 3.4 Ice Magic
 + Level 3.4 Air Magic
 + Level 3.4 Earth Magic
 + Level 3.4 Poison Magic
 + Level 4.6 Invocations
 + Level 4.2 Evocations


You had 12 spell levels left.
You knew the following spells:

 Your Spells              Type           Power        Failure   Level
a - Infusion              Chrm           ####         1%          1
d - Ozocubu's Armour      Chrm/Ice       #####...     4%          3
q - Spectral Weapon       Hex/Chrm       ####....     4%          3
s - Shroud of Golubria    Chrm/Tloc      ####..       1%          2

Your spell library contained the following spells:

 Spells                   Type           Power        Failure   Level
 Song of Slaying          Chrm           ####....     1%          2


Dungeon Overview and Level Annotations

Branches:
Dungeon (8/15)             Temple (1/1) D:6
   Lair: D:8-11

Altars:
Cheibriados
Dithmenos
Fedhas
Hepliaklqana
Kikubaaqudgha
Makhleb
Nemelex Xobeh
Qazlal
Ru
Sif Muna
Trog
Vehumet
Wu Jian
Yredelemnul
The Shining One

Shops:
D:4 }   D:7 =([*!

Annotations:
D:4 Menkaure
D:7 exclusion: statue


Innate Abilities, Weirdness & Mutations

Your experience applies equally to all skills.
You have very sharp teeth.
Your uncanny sense of smell can sniff out nearby items.


Message History

The hornet is almost dead.
You feel sick. The hornet misses you. The hornet completely misses you.
You hit the hornet.
The hornet is almost dead.
You feel sick. The hornet completely misses you. The hornet stings you!
* * * LOW HITPOINT WARNING * * *
You are lethally poisoned!
You feel as though you will be slow longer.
You hit the hornet but do no damage.
The hornet is almost dead.
* * * LOW HITPOINT WARNING * * *
You feel sick. The hornet stings you.
* * * LOW HITPOINT WARNING * * *
You feel as though you will be slow longer.
An orc comes into view. It is wielding a +0 flail.
You hit the hornet.
The hornet is almost dead.
* * * LOW HITPOINT WARNING * * *
You feel sick. The hornet stings you!
You die...

##.#########
#.....y@...#
##o#######.#
#.....#.#
#.###.#.#
#.# #.#.#
#.# #.#.#
#.# #.#.#
#.# #.#.####
#.###.#....#


You could see a hornet and an orc.

Vanquished Creatures
  Grinder (D:3)
  A wyvern (D:8)
  An orc warrior (D:6)
  A sky beast (D:6)
  A black bear (D:7)
  An ice beast (D:7)
  8 ogres
  3 centaurs
  A bullfrog (D:7)
  A scorpion (D:7)
  A bullfrog zombie (D:7)
  A centaur zombie (D:7)
  2 hounds
  6 orc wizards
  Natasha (thrice) (D:4)
  4 worker ants
  2 hound zombies
  A hound skeleton (D:4)
  6 gnolls
  7 adders
  A shadow imp (D:6)
  A white imp (D:6)
  2 oozes
  2 worms (D:2)
  4 dart slugs
  5 leopard geckos
  12 orcs
  2 ball pythons (D:1)
  4 bats
  4 giant cockroaches
  17 goblins
  5 hobgoblins
  2 quokkas
  5 frilled lizards
  4 kobolds
  A rat (D:1)
123 creatures vanquished.

Vanquished Creatures (others)
  2 spectral weapons (D:6)
  11 toadstools
13 creatures vanquished.

Grand Total: 136 creatures vanquished

Notes
Turn   | Place    | Note
-------+----------+-------------------------------------------
     0 | D:1      | vorskei the Gnoll Skald began the quest for the Orb.
     0 | D:1      | Reached XP level 1. HP: 20/20 MP: 6/6
   547 | D:1      | Reached XP level 2. HP: 22/26 MP: 4/7
  1269 | D:1      | Reached XP level 3. HP: 26/31 MP: 9/9
  1363 | D:2      | Reached skill level 5 in Spellcasting
  1410 | D:2      | Learned a level 2 spell: Shroud of Golubria
  1416 | D:2      | Reached skill level 1 in Invocations
  1760 | D:2      | Reached skill level 1 in Short Blades
  1760 | D:2      | Reached skill level 1 in Long Blades
  1760 | D:2      | Reached skill level 1 in Maces & Flails
  1760 | D:2      | Reached skill level 1 in Polearms
  1760 | D:2      | Reached skill level 1 in Staves
  1760 | D:2      | Reached skill level 1 in Slings
  1760 | D:2      | Reached skill level 1 in Bows
  1760 | D:2      | Reached skill level 1 in Crossbows
  1760 | D:2      | Reached skill level 1 in Throwing
  1760 | D:2      | Reached skill level 1 in Stealth
  1760 | D:2      | Reached skill level 1 in Shields
  1760 | D:2      | Reached skill level 1 in Unarmed Combat
  1760 | D:2      | Reached skill level 1 in Evocations
  1760 | D:2      | Reached XP level 4. HP: 33/38 MP: 11/11
  1838 | D:2      | Found a bloodstained altar of Trog.
  2001 | D:2      | Found a hazy altar of Hepliaklqana.
  2421 | D:3      | Found a basalt altar of Yredelemnul.
  2433 | D:2      | Reached skill level 1 in Conjurations
  2433 | D:2      | Reached skill level 1 in Hexes
  2433 | D:2      | Reached skill level 1 in Summonings
  2433 | D:2      | Reached skill level 1 in Necromancy
  2433 | D:2      | Reached skill level 1 in Translocations
  2433 | D:2      | Reached skill level 1 in Transmutations
  2433 | D:2      | Reached skill level 1 in Fire Magic
  2433 | D:2      | Reached skill level 1 in Ice Magic
  2433 | D:2      | Reached skill level 1 in Air Magic
  2433 | D:2      | Reached skill level 1 in Earth Magic
  2433 | D:2      | Reached skill level 1 in Poison Magic
  2861 | D:3      | Reached XP level 5. HP: 39/43 MP: 9/12
  2908 | D:3      | Found a stormy altar of Qazlal.
  3255 | D:3      | Found a blossoming altar of Fedhas.
  3615 | D:4      | Noticed Menkaure
  3688 | D:4      | Learned a level 3 spell: Ozocubu's Armour
  3692 | D:4      | Learned a level 3 spell: Spectral Weapon
  3709 | D:4      | Noticed Grinder
  3709 | D:4      | Noticed Natasha
  3753 | D:4      | Noticed an ogre
  4185 | D:3      | Killed an ogre
  4185 | D:3      | Reached XP level 6. HP: 24/50 MP: 9/13
  4367 | D:3      | Killed Grinder
  4367 | D:3      | Reached skill level 5 in Fighting
  4367 | D:3      | Reached skill level 5 in Axes
  4367 | D:3      | Reached skill level 5 in Dodging
  4367 | D:3      | Reached XP level 7. HP: 51/56 MP: 5/15
  4438 | D:4      | Killed Natasha
  4585 | D:4      | Noticed Natasha
  4598 | D:4      | Killed Natasha
  4808 | D:4      | Noticed Natasha
  4821 | D:4      | Killed Natasha
  4859 | D:4      | Found Qicrotre's Gadget Boutique.
  5082 | D:5      | Entered Level 5 of the Dungeon
  5082 | D:5      | Found a basalt altar of Yredelemnul.
  5860 | D:6      | Reached XP level 8. HP: 52/63 MP: 5/16
  6085 | D:6      | Found a staircase to the Ecumenical Temple.
  6094 | Temple   | Entered the Ecumenical Temple
  6104 | Temple   | Became a worshipper of Cheibriados the Contemplative
  6525 | D:6      | HP: 3/63 [orc warrior/+0 hand axe (9)]
  7127 | D:6      | Reached * piety under Cheibriados
  7534 | D:7      | Found Teschoiz's Armour Boutique.
  7552 | D:7      | Reached XP level 9. HP: 26/69 MP: 18/18
  7875 | D:7      | Found Poteu's Distillery.
  7883 | D:7      | Found Lunuxo's General Store.
  8063 | D:7      | Found a radiant altar of Vehumet.
  8076 | D:7      | Found a sacrificial altar of Ru.
  8238 | D:7      | Found Heske's Jewellery Emporium.
  9077 | D:7      | Found Umuyt's Weapon Shop.
  9215 | D:8      | Reached skill level 5 in Armour
  9393 | D:8      | Noticed a hornet
  9417 | D:8      | Slain by a hornet

Illustrated notes

Levels and vault maps discovered:
D:1:      mrwooster_arrival_statue_3, layout_basic, minmay_gold_behind_fungi,
          kennysheep_boxes
D:2:      layout_rooms, nicolae_overflow_hidden_temple,
          overflow_temple_1_default
D:3:      layout_loops_ring, nicolae_qazlal_eye_of_the_storm,
          lemuel_round_altar, first_ration, yredelemnul_altar_generic
D:4:      layout_rooms, serial_shops, nicolae_shop_stone, uniq_menkaure,
          uniq_grinder, uniq_natasha
D:5:      layout_basic, lemuel_crystal_altar
D:6:      layout_loops_ring, temple_hall, minmay_ogre_servants
D:7:      layout_basic, vehumet_statue, kennysheep_little_box, serial_shops,
          kennysheep_mini, shop, nicolae_shop_statue_plus, shop,
          nicolae_shop_temple_entry_statues_fountains
D:8:      cheibrodos_fertilizer, layout_basic, zin_treasury, hangedman_ranch
          [blue_anna_fruit_fields]
Temple:   nicolae_temple_great_sept

Skill      XL: |  1  2  3  4  5  6  7  8  9 |
---------------+----------------------------+-----
Spellcasting   | 5 6 |  6.6
Invocations    | 1 2 3 4 |  4.6
Short Blades   | 1 2 3 4 |  4.2
Long Blades    | 1 2 3 4 |  4.2
Maces & Flails | 1 2 3 4 |  4.2
Polearms       | 1 2 3 4 |  4.2
Staves         | 1 2 3 4 |  4.2
Slings         | 1 2 3 4 |  4.2
Bows           | 1 2 3 4 |  4.2
Crossbows      | 1 2 3 4 |  4.2
Throwing       | 1 2 3 4 |  4.2
Stealth        | 1 2 3 4 |  4.2
Shields        | 1 2 3 4 |  4.2
Unarmed Combat | 1 2 3 4 |  4.2
Evocations     | 1 2 3 4 |  4.2
Conjurations   | 1 2 3 |  3.4
Hexes          | 1 2 3 |  3.4
Summonings     | 1 2 3 |  3.4
Necromancy     | 1 2 3 |  3.4
Translocations | 1 2 3 |  3.4
Transmutations | 1 2 3 |  3.4
Fire Magic     | 1 2 3 |  3.4
Ice Magic      | 1 2 3 |  3.4
Air Magic      | 1 2 3 |  3.4
Earth Magic    | 1 2 3 |  3.4
Poison Magic   | 1 2 3 |  3.4
Armour         | 3 4 5 |  5.0
Fighting       | 5 6 |  6.3
Axes           | 5 6 |  6.3
Dodging        | 5 6 |  6.3
Charms         | 6 |  6.5

Action                   |  1- 3 |  4- 6 |  7- 9 || total
-------------------------+-------+-------+-------++-------
Melee: Hand axe          |   117 |   116 |    39 ||   272
       Bite              |    12 |     7 |    46 ||    65
       Punch             |       |     4 |     5 ||     9
       Dagger            |       |       |   262 ||   262
       Staff             |       |       |    13 ||    13
 Cast: Infusion          |     3 |     3 |    12 ||    18
       Shroud of Golubri |       |     5 |    19 ||    24
       Spectral Weapon   |       |     6 |    25 ||    31
       Ozocubu's Armour  |       |     2 |    31 ||    33
  Use: Scroll            |       |     3 |     5 ||     8
       Potion            |       |       |     3 ||     3
 Stab: Sleeping          |       |     2 |     4 ||     6
       Distracted        |       |       |     2 ||     2
  Eat: Ration            |     1 |     2 |     4 ||     7
Armor: Leather armour    |    22 |    15 |    72 ||   109
Dodge: Dodged            |    92 |   100 |   220 ||   412

Table legend:
 A = Non-vault XP
 B = Vault XP
 C = Vault XP percentage of total XP
 D = Non-vault monster count
 E = Vault monster count
 F = Vault count percentage of total count
                 A         B        C        D         E       F
            +---------+---------+-------+---------+---------+-------
      Total |    3074 |     425 |  12.1 |     112 |      11 |   8.9
            +---------+---------+-------+---------+---------+-------
        D:1 |      35 |       0 |   0.0 |      19 |       0 |   0.0
        D:2 |     114 |       0 |   0.0 |      24 |       0 |   0.0
        D:3 |     232 |     258 |  52.7 |      13 |       1 |   7.1
        D:4 |     177 |      35 |  16.5 |      11 |       1 |   8.3
        D:5 |     297 |       0 |   0.0 |       7 |       0 |   0.0
        D:6 |     993 |     132 |  11.7 |      21 |       9 |  30.0
        D:7 |     982 |       0 |   0.0 |      14 |       0 |   0.0
        D:8 |     244 |       0 |   0.0 |       3 |       0 |   0.0
            +---------+---------+-------+---------+---------+-------
